 Dungeon Crawl Stone Soup version 0.29-a0-251-g80730f7218 (webtiles) character file.

Game seed: 16145370335527996430

4631 Crownlay the Cleaver (level 10, -15/90 (91) HPs)
             Began as a Hill Orc Fighter on Mar 5, 2022.
             Was a Priest of Okawaru.
             Shot with an arrow by a centaur warrior (18 damage)
             ... on level 10 of the Dungeon.
             The game lasted 00:19:36 (12703 turns).

Crownlay the Cleaver (Hill Orc Fighter)            Turns: 12703, Time: 00:19:37

HP:   -15/90 (91)   AC:  5    Str: 24    XL:     10   Next: 43%
MP:   16/17         EV:  9    Int:  8    God:    Okawaru [***...]
Gold: 532           SH:  5    Dex: 10    Spells: 9/9 levels left

rFire   . . .      SeeInvis +   a - +0 war axe
rCold   + . .      Faith    .   c - +0 buckler
rNeg    . . .      Spirit   .   j - +0 chain mail
rPois   .          Reflect  .   n - +0 helmet
rElec   .          Harm     .   C - +0 cloak
rCorr   .          Rampage  .   (no gloves)
Will    .....                   (no boots)
Stlth   ..........              (no amulet)
HPRegen 0.25/turn               E - ring of see invisible
MPRegen 0.15/turn               I - ring of protection from cold

@: heroic, corroded, studying Stealth, lightly drained
A: no striking features
a: Renounce Religion, Heroism


You were on level 10 of the Dungeon.
You worshipped Okawaru.
Okawaru was most pleased with you.
You visited 2 branches of the dungeon, and saw 11 of its levels.

You collected 532 gold pieces.

Inventory:

Hand Weapons
 a - a +0 war axe (weapon)
Missiles
 q - a silver boomerang
 x - 10 boomerangs (quivered)
 D - a curare-tipped dart
 J - 5 datura-tipped darts
Armour
 c - a +0 buckler (worn)
 j - a +0 chain mail (worn)
 n - a +0 helmet (worn)
 C - a +0 cloak (worn)
 F - a +0 plate armour
Jewellery
 E - a ring of see invisible (left hand)
 I - a ring of protection from cold (right hand)
Wands
 p - a wand of mindburst (12)
 s - a wand of digging (8)
 y - a wand of flame (13)
 A - a wand of paralysis (10)
 L - a wand of polymorph (5)
Scrolls
 d - 2 scrolls of amnesia
 f - 7 scrolls of teleportation
 g - 3 scrolls of blinking
 h - 3 scrolls of enchant weapon
 l - 4 scrolls of enchant armour
 w - 3 scrolls of brand weapon
 B - a scroll of magic mapping
 H - a scroll of vulnerability {unknown}
 M - 4 scrolls of fog {unknown}
Potions
 b - 2 potions of flight {unknown}
 e - a potion of cancellation {unknown}
 i - 3 potions of lignification
 k - 4 potions of mutation {unknown}
 m - 2 potions of brilliance {unknown}
 o - 6 potions of curing
 r - a potion of haste {unknown}
 t - a potion of might
 u - a potion of berserk rage {unknown}
 v - a potion of degeneration {unknown}
 z - a potion of attraction {unknown}
 G - a potion of invisibility {unknown}
 K - a potion of magic {unknown}


   Skills:
 * Level 9.1(14.1) Fighting
 - Level 14.0(19.0) Axes
 + Level 3.5(8.5) Armour
 + Level 3.5(8.5) Shields
 - Level 10.0 Invocations


You had 9 spell levels left.
You didn't know any spells.
Your spell library contained the following spells:

 Spells                   Type           Power      Damage    Failure   Level
 Beastly Appendage        Tmut           0%         N/A       97%         1
 Magic Dart               Conj           0%         1d3       97%         1
 Searing Ray              Conj           0%         2d4       99%         2
 Wereblood                Tmut           0%         N/A       99%         2
 Gell's Gravitas          Tloc           0%         N/A       100%        3
 Ignite Poison            Fire/Tmut/Pois 0%         N/A       100%        3
 Lesser Beckoning         Tloc           0%         N/A       100%        3
 Mephitic Cloud           Conj/Pois/Air  0%         N/A       100%        3
 Spider Form              Tmut/Pois      0%         N/A       100%        3
 Teleport Other           Tloc           0%         N/A       100%        3
 Fulminant Prism          Conj/Hex       0%         3d6       100%        4
 Freezing Cloud           Conj/Ice/Air   0%         6-21      100%        5


Dungeon Overview and Level Annotations

Branches:
Dungeon (10/15)            Temple (1/1) D:4            Lair (0/6) D:9
    Orc: D:9-12

Altars:
Ashenzari
Cheibriados
Dithmenos
Fedhas
Hepliaklqana
Kikubaaqudgha
Makhleb
Nemelex Xobeh
Okawaru
Qazlal
Ru
Sif Muna
Trog
Uskayaw
Vehumet
Wu Jian
Xom
Yredelemnul
The Shining One

Shops:
D:5 :

Annotations:
D:3 exclusion: statue


Message History

The splash of acid hits you! The acid dragon spits acid at you.
The splash of acid hits you! The acid corrodes you!
You hear a shout!
You hear a bellow!
You hear a shout!
You hear a howl!
You are too injured to fight recklessly!
You are too injured to fight recklessly!
You are too injured to fight recklessly!
You are too injured to fight recklessly!
You are too injured to fight recklessly!
You are too injured to fight recklessly!
You are too injured to fight recklessly!
You closely miss the acid dragon.
The acid dragon is heavily wounded.
You slash the acid dragon!
You kill the acid dragon!
Okawaru accepts your kill.
The acid dragon scales are intact enough to wear.
You hit the acid dragon but do no damage.
The acid dragon bites you but does no damage.
The acid dragon claws you.
You barely miss the acid dragon. You block the acid dragon's attack.
The acid dragon claws you but does no damage.
You hit the acid dragon but do no damage.
A centaur warrior comes into view.
You closely miss the acid dragon.
The centaur warrior wields a +0 longbow.
The centaur warrior shoots an arrow.
The arrow hits you!
* * * LOW HITPOINT WARNING * * *
The acid dragon bites you.
* * * LOW HITPOINT WARNING * * *
You block the acid dragon's attack.
You hear a bellow!
You hear two shouts!
The centaur warrior shoots an arrow.
The arrow hits you!
* * * LOW HITPOINT WARNING * * *
A yak comes into view.
You block the acid dragon's attack.
The acid dragon claws you but does no damage.
The centaur warrior shoots an arrow.
The arrow hits you!!
You die...

#......
##.......
.........
#......Y.
##.<......
######.......?.
.........#≈≈≈≈≈
.........≈#
.......@.≈#
......D..≈#
.###...[.≈#
#.....≈#
#..#...≈#
........≈c
.###..###≈.. ..
≈### #.. ≈#


You could see a centaur warrior, a yak and an acid dragon.

Vanquished Creatures
  A komodo dragon (D:9)
  A troll (D:9)
  2 wyverns (D:8)
  A wraith (D:9)
  Edmund (D:6)
  2 water moccasins (D:7)
  2 acid dragons
  5 orc warriors
  2 ice beasts (D:5)
  2 sky beasts
  A black bear (D:6)
  2 ogres
  3 centaurs
  2 kobold brigands (D:7)
  5 bullfrogs
  2 necrophages
  3 scorpions
  4 wights
  3 killer bees (D:9)
  An electric eel (D:9)
  A howler monkey (D:4)
  4 hounds
  An orc priest (D:5)
  5 iguanas
  6 orc wizards
  3 gnolls (D:4)
  7 adders
  A shadow imp (D:6)
  A white imp (D:6)
  An ufetubus (D:6)
  A worm (D:4)
  3 dart slugs
  32 orcs
  9 ball pythons
  6 bats
  7 endoplasms
  4 giant cockroaches
  8 goblins
  8 hobgoblins
  3 jackals (D:1)
  2 quokkas
  3 frilled lizards
  15 kobolds
  4 rats (D:1)
180 creatures vanquished.

Vanquished Creatures (others)
  An orc wizard (D:9)
  6 plants
7 creatures vanquished.

Grand Total: 187 creatures vanquished

Notes
Turn   | Place    | Note
-------+----------+-------------------------------------------
     0 | D:1      | Crownlay the Hill Orc Fighter began the quest for the Orb.
     0 | D:1      | Reached XP level 1. HP: 19/19 MP: 1/1
    23 | D:1      | Reached skill level 3 in Axes
    89 | D:1      | Reached XP level 2. HP: 13/26 MP: 2/2
   364 | D:1      | Reached skill level 4 in Axes
   822 | D:1      | Reached XP level 3. HP: 28/31 MP: 3/3
  1126 | D:1      | Reached skill level 5 in Axes
  1487 | D:2      | Found a faded altar of an unknown god.
  1931 | D:2      | Reached XP level 4. HP: 27/39 MP: 4/4
  2152 | D:2      | Noticed an ogre
  2158 | D:2      | Killed an ogre
  2159 | D:2      | Reached skill level 7 in Axes
  2159 | D:2      | Reached XP level 5. HP: 22/45 MP: 5/5
  2836 | D:3      | Found a sacrificial altar of Ru.
  3347 | D:3      | Found a radiant altar of Vehumet.
  3358 | D:3      | Noticed a frost-covered statue
  3536 | D:4      | Reached skill level 8 in Axes
  3536 | D:4      | Reached XP level 6. HP: 43/51 MP: 6/6
  3901 | D:4      | Found a bloodstained altar of Trog.
  4048 | D:4      | Found a staircase to the Ecumenical Temple.
  4074 | Temple   | Entered the Ecumenical Temple
  4140 | Temple   | Became a worshipper of Warmaster Okawaru
  4468 | D:4      | Reached skill level 1 in Invocations
  4567 | D:4      | Found a shimmering altar of Xom.
  4679 | D:4      | Reached skill level 9 in Axes
  4679 | D:4      | Reached XP level 7. HP: 60/60 MP: 6/8
  4924 | D:5      | Entered Level 5 of the Dungeon
  5118 | D:5      | Found a shimmering blue altar of Sif Muna.
  5189 | D:5      | Found Qibeerchu's Book Shoppe.
  5631 | D:5      | Reached * piety under Okawaru
  6044 | D:5      | Reached skill level 5 in Fighting
  6388 | D:6      | Reached skill level 10 in Axes
  6388 | D:6      | Reached XP level 8. HP: 67/68 MP: 11/11
  6417 | D:6      | Reached skill level 5 in Invocations
  6949 | D:6      | Noticed Edmund
  6964 | D:6      | Killed Edmund
  6971 | D:6      | Reached skill level 11 in Axes
  7201 | D:6      | Noticed a torpor snail
  7208 | D:6      | Found a snail-covered altar of Cheibriados.
  7208 | D:6      | Noticed a torpor snail
  7208 | D:6      | Noticed a torpor snail
  7257 | D:6      | Reached ** piety under Okawaru
  7476 | D:6      | Found a blossoming altar of Fedhas.
  7812 | D:7      | Found a broken altar of Ashenzari.
  8232 | D:7      | Reached XP level 9. HP: 58/74 MP: 13/15
  8446 | D:7      | HP: 3/74 [kobold brigand/+0 short sword (3)]
  8447 | D:7      | HP: 1/74 [kobold brigand/+0 short sword (2)]
  8843 | D:7      | Reached skill level 12 in Axes
 10067 | D:8      | Reached skill level 13 in Axes
 10200 | D:8      | Reached skill level 10 in Invocations
 10205 | D:8      | Reached *** piety under Okawaru
 10311 | D:8      | Found a hide-covered altar of Uskayaw.
 10723 | D:9      | Noticed a troll
 10741 | D:9      | Reached skill level 14 in Axes
 10741 | D:9      | Killed a troll
 10742 | D:9      | Reached XP level 10. HP: 58/83 MP: 17/17
 10941 | D:9      | Found a basalt altar of Yredelemnul.
 12011 | D:9      | Found a staircase to the Lair.
 12444 | D:10     | Entered Level 10 of the Dungeon
 12701 | D:10     | Noticed a centaur warrior
 12703 | D:10     | HP: 3/90 [centaur warrior/arrow (10)]
 12703 | D:10     | Shot with an arrow by a centaur warrior

Illustrated notes

Levels and vault maps discovered:
D:1:      beargit_arrival_greenhouse, layout_basic
D:2:      layout_loops_corners, shapermc_ecumenical_altar_totnotflames,
          amcnicky_mini_rare_corridor_liquid
D:3:      layout_rooms, vehumet_statue, overflow_temple_1_default,
          minmay_fractal_squares_5
D:4:      layout_gridville, old_standard_altar, general_overflow_altar,
          minmay_temple_entry_junction, minmay_manual_monolith
D:5:      layout_basic, nicolae_overflow_crystal_walls, serial_shops,
          nicolae_square_shop
D:6:      layout_basic, fedhas_ov_isle_minmay, cheibriados_altar_2, uniq_edmund
D:7:      layout_basic, mainiacjoe_overflow_chevrons
D:8:      layout_cave_pools, mainiacjoe_overflow_catwalk, grunt_ministairs_14
D:9:      layout_basic, mainiacjoe_overflow_paths, david_lair_shrubbed,
          hangedman_decor_diamond_cutter, kennysheep_donut
D:10:     cheibrodos_ideogram_h, layout_rooms,
          pdpol_temple_overflow_zin_treasury_gozag_greed,
          mainiacjoe_overflow_surrounded_room, hangedman_decor_riveting,
          uniq_grum, uniq_urug
Temple:   jpeg_temple_island

Skill      XL: |  1  2  3  4  5  6  7  8  9 10 |
---------------+-------------------------------+-----
Axes           | 3 4 5 7 8 9 10 11 14 | 14.0
Fighting       | 4 5 6 9 |  9.1
Invocations    | 1 4 8 10 | 10.0
Armour         | |  3.5
Shields        | |  3.5

Action                   |  1- 3 |  4- 6 |  7- 9 | 10-12 || total
-------------------------+-------+-------+-------+-------++-------
Melee: War axe           |    99 |   126 |   317 |    87 ||   629
Throw: Boomerang         |       |     3 |    17 |     4 ||    24
Invok: Heroism           |       |       |    11 |     5 ||    16
Evoke: Wand              |       |       |       |     2 ||     2
  Use: Potion            |       |     1 |     2 |       ||     3
       Scroll            |       |     1 |     8 |       ||     9
Armor: Scale mail        |    30 |       |       |       ||    30
       Chain mail        |    34 |    67 |   114 |    29 ||   244
       Skin              |       |       |     9 |       ||     9
Dodge: Dodged            |    36 |    47 |    73 |    29 ||   185
Block: Buckler           |    25 |    23 |    61 |    15 ||   124

Table legend: (Time is in decaauts)
 A = Elapsed time spent in this place.
 B = Non-inter-level travel time spent in this place.
 C = Inter-level travel time spent in this place.
 D = Time resting spent in this place.
 E = Time spent auto-exploring this place.
 F = Levels seen in this place.
 G = Mean time per level.
                   A        B        C        D        E       F      G
               +--------+--------+--------+--------+--------+-----+--------+
         Total |  12764 |  12427 |    337 |    152 |  10834 |  11 | 1160.4 |
       Dungeon |  12510 |  12195 |    315 |    152 |  10614 |  10 | 1251.0 |
        Temple |    253 |    231 |     22 |      0 |    220 |   1 |  253.0 |
               +--------+--------+--------+--------+--------+-----+--------+

Top non-repeatable levels by time:
     D:7: 2092 daAuts
     D:9: 2005 daAuts
     D:6: 1485 daAuts
     D:1: 1453 daAuts
     D:5: 1395 daAuts
     D:2: 1311 daAuts
     D:4: 1196 daAuts
     D:3: 799 daAuts
     D:8: 755 daAuts
  Temple: 253 daAuts
    D:10: 15 daAuts
